 Dungeon Crawl Stone Soup version 0.27-a0-1529-g1e82c303ef (webtiles) character file.

Game seed: 16974143423604114881

47860 wakim the Nimble (level 14, -11/84 HPs)
             Began as a Kobold Enchanter on July 12, 2021.
             Was a Follower of Uskayaw.
             Mangled by a cane toad (64 damage)
             ... on level 2 of the Lair of Beasts.
             The game lasted 01:27:51 (25371 turns).

wakim the Nimble (Kobold Enchanter)                Turns: 25371, Time: 01:27:52

Health: -11/84     AC: 16    Str:  6    XL:     14   Next: 83%
Magic:  21/21      EV: 28    Int: 18    God:    Uskayaw [*.....]
Gold:   145        SH:  0    Dex: 26    Spells: 5/19 levels left

rFire    . . .     SeeInvis +   a - +3 short sword (speed)
rCold    + . .     Faith    .   j - +0 buckler
rNeg     . . .     Spirit   .   z - +1 robe {Will+}
rPois    .         Reflect  .   i - +2 helmet
rElec    .         Harm     +   C - +0 cloak
rCorr    .         Rampage  +   d - +2 pair of gloves of the Barber Surgeon {Harm Rampage SInv Stlth+}
Will     +++..                  s - +0 pair of boots
Stlth    +++++++++.             P - amulet of the acrobat
HPRegen  0.24/turn              q - +4 ring of protection
MPRegen  0.17/turn              u - ring "Daabe" {rC+ Will+ Int+2 Dex+6 Stlth+}

@: sleeping, studying 2 skills
A: small, no large weapons, nightstalker 3
a: Renounce Religion, Stomp


You were on level 2 of the Lair of Beasts.
You worshipped Uskayaw.
Uskayaw was aware of your devotion.
You visited 3 branches of the dungeon, and saw 18 of its levels.
You also visited: Sewer, Ossuary, Bailey and Ice Cave.

You collected 1685 gold pieces.
You spent 1540 gold pieces at shops.

Inventory:

Hand Weapons
 a - a +3 short sword of speed (weapon)
 b - a +2 dagger of electrocution
 l - a +2 rapier of freezing
Missiles
 c - 6 atropa-tipped darts
 p - 5 curare-tipped darts {=f}
Armour
 d - the +2 pair of gloves of the Barber Surgeon (worn) {Harm Rampage SInv Stlth+}
   (You bought it in a shop on level 8 of the Dungeon)

   SInv:      It lets you see invisible.
   Harm:      It increases damage dealt and taken.
   Rampage:   It bestows one free step when moving towards enemies.
   Stlth:     It makes you more stealthy.
 i - a +2 helmet (worn)
 j - a +0 buckler (worn)
 n - +0 steam dragon scales
 s - a +0 pair of boots (worn)
 z - a +1 robe of willpower (worn)
 C - a +0 cloak (worn)
Jewellery
 e - a ring of positive energy
 g - a ring of willpower
 q - a +4 ring of protection (left hand)
 u - the ring "Daabe" (right hand) {rC+ Will+ Int+2 Dex+6 Stlth+}
   (You bought it in a shop on level 10 of the Dungeon)

   [ring of dexterity]

   Int:       It affects your intelligence (+2).
   Dex:       It affects your dexterity (+6).
   rC:        It protects you from cold.
   Will:      It increases your willpower.
   Stlth:     It makes you more stealthy.
 v - a ring of flight
 B - a ring of resist corrosion
 I - a ring of protection from cold
 P - an amulet of the acrobat (around neck)
Wands
 m - a wand of iceblast (13)
 t - a wand of digging (15)
 w - a wand of acid (1)
 x - a wand of charming (11)
 y - a wand of paralysis (4)
Scrolls
 f - 6 scrolls of enchant armour
 r - 2 scrolls of identify
 G - 5 scrolls of enchant weapon
 R - 2 scrolls of magic mapping {!r}
 S - a scroll of summoning
 T - 6 scrolls of teleportation
Potions
 k - a potion of berserk rage {unknown}
 o - a potion of degeneration {unknown}
 A - 2 potions of ambrosia
 D - 4 potions of brilliance
 E - 3 potions of cancellation
 F - 11 potions of curing
 H - 5 potions of haste
 J - a potion of heal wounds
 K - a potion of magic
 L - a potion of experience {unknown}
 M - 2 potions of mutation {!q}
 N - 4 potions of might
 O - a potion of resistance {unknown}


   Skills:
 + Level 8.5 Fighting
 * Level 12.8 Short Blades
 - Level 4.0 Armour
 + Level 13.2 Dodging
 + Level 12.8 Stealth
 - Level 5.6 Shields
 - Level 3.0 Spellcasting
 + Level 11.5 Hexes
 - Level 3.0 Ice Magic
 + Level 9.7 Invocations


You had 5 spell levels left.
You knew the following spells:

 Your Spells              Type           Power      Damage    Failure   Level
a - Corona                Hex            48%        N/A       1%          1
b - Confusing Touch       Hex            44%        N/A       1%          3
c - Dazzling Flash        Conj/Hex       46%        N/A       4%          3
d - Tukima's Dance        Hex            44%        N/A       1%          3
s - Slow                  Hex            44%        N/A       1%          2
x - Ensorcelled Hibernat  Hex/Ice        56%        N/A       1%          2

Your spell library contained the following spells:

 Spells                   Type           Power      Damage    Failure   Level
 Fulminant Prism          Conj/Hex       11%        3d9       16%         4
 Yara's Violent Unravell  Hex/Tmut       11%        3d6       38%         5
 Conjure Flame            Conj/Fire      2%         6-21      43%         3
 Gell's Gravitas          Tloc           1%         N/A       43%         3
 Ignite Poison            Fire/Tmut/Pois 2%         N/A       43%         3
 Teleport Other           Tloc           2%         N/A       43%         3
 Iskenderun's Mystic Bla  Conj/Tloc      2%         2d3       85%         4
 Passage of Golubria      Tloc           N/A        N/A       85%         4
 Sticky Flame             Conj/Fire      2%         2d3       85%         4
 Summon Lightning Spire   Summ/Air       2%         N/A       85%         4
 Lee's Rapid Deconstruct  Erth           1%         3d5*      99%         5
 Dispersal                Tloc           1%         N/A       100%        6
 Storm Form               Tmut/Air       1%         N/A       100%        7
 Disjunction              Tloc           1%         N/A       100%        8
 Maxwell's Capacitive Co  Air            1%         ∞         100%        8


Dungeon Overview and Level Annotations

Branches:
Dungeon (14/15)            Temple (1/1) D:6            Lair (3/6) D:10
    Orc (0/2) D:12          Sewer (visited)         Ossuary (visited)
 Bailey (visited)           IceCv (visited)
  Swamp: Lair:2-4    Shoals: Lair:2-4     Snake: Lair:2-4    Spider: Lair:2-4
 Vaults: D:13-14

Altars:
Dithmenos
Qazlal
Trog
Uskayaw
Xom
Yredelemnul
The Shining One

Shops:
D:2 ?   D:8 [   D:10 *!=(

Annotations:
D:10 Gastronok
Lair:1 1 transporter
Lair:2 3 runed translucent doors


Innate Abilities, Weirdness & Mutations

You are small and have problems with some larger weapons.
You are completely attuned to the shadows.


Message History

The dream sheep ruffle their wool and motes of dream dust sparkle, to no effect.
There is a stone staircase leading up, spattered with blood here.
The dream sheep looks drowsy...
The dream sheep shake their wool and sparkle.
You feel drowsy...
You fall asleep.
A dream sheep comes into view.
The cane toad stings you but does no damage.
The dream sheep misses you.
A bullfrog comes into view.
The dream sheep misses you. The cane toad misses you.
The dream sheep barely misses you.
A dream sheep comes into view.
The dream sheep bleats!
You wake up.
The dream sheep bleats!
The dream sheep completely misses you. The cane toad completely misses you.
The dream sheep closely misses you. The dream sheep completely misses you.
The cane toad stings you but does no damage.
You block the dream sheep's attack.
The dream sheep bites you but does no damage.
The dream sheep completely misses you. The cane toad closely misses you.
You climb upwards.
Level annotation: 3 runed translucent doors
There is a stone staircase leading down, spattered with blood here.
You block the dream sheep's attack. x2
The dream sheep completely misses you. x2
The dream sheep ruffle their wool and motes of dream dust sparkle, to no effect.
The dream sheep shake their wool and sparkle.
You feel drowsy...
You fall asleep.
The dream sheep misses you. The cane toad misses you.
The dream sheep closely misses you. The dream sheep bites you!!
You wake up.
The cane toad misses you.
The dream sheep bites you but does no damage.
The dream sheep misses you. The cane toad completely misses you.
The dream sheep shake their wool and sparkle.
You feel drowsy...
You fall asleep.
The cane toad closely misses you. The cane toad stings you!!!
Ouch! That really hurt!
You die...

.##...#...#####.......## #....
#.#..##..### ##.......# ##.P.
###........#####..#+#.## #P.#
#.#...8.....####..### ####
##.........##P...## #
##..8..>..8..##..##### #
##.......÷.....###(.#.# #
#.......8......YY#....### #
...............F@.......#
..8..#.....#..8Y.##...### ###
.....#..8..##.....#<...#######.##
....##.....##.....#...##.#...#...
.....#.....##.........#P.<....†.#
+#..##.....###....#......#P#####.
.#...#.....# #........+.#### ##
..........=# #P.......###
######+##### ##.....P####


You could see a cane toad and 3 dream sheep.

Vanquished Creatures
  An orc warlord (Bailey)
  Josephine (D:11)
  2 boulder beetles
  2 hydras
  2 ironbound frosthearts (IceCv)
  A centaur warrior (D:14)
  2 two-headed ogres
  Erica (D:11)
  3 death yaks (IceCv)
  Nergalle (D:11)
  Sonja (D:10)
  3 ugly things (D:14)
  A deep elf pyromancer (D:14)
  3 manticores
  4 cyclopes
  2 black mambas (Lair:2)
  A torpor snail (Lair:3)
  3 cane toads (Lair:2)
  Maggie (Lair:2)
  A kobold demonologist (D:9)
  A rime drake (Lair:2)
  7 komodo dragons
  2 ice devils (D:11)
  8 polar bears (IceCv)
  2 trolls
  A hornet (D:9)
  5 blink frogs (Lair:1)
  Sigmund (D:2)
  6 wyverns
  3 vampires
  A spriggan (Lair:1)
  2 basilisks
  10 wraiths
  47 yaks
  3 water elementals (D:12)
  Eustachio (D:3)
  8 vampire mosquitoes
  2 steam dragons
  3 wargs (D:10)
  Menkaure (D:6)
  An acid dragon (D:8)
  7 water moccasins
  6 orc warriors
  An ice beast (D:8)
  A black bear (Lair:2)
  2 sky beasts
  8 necrophages (D:12)
  6 ogres
  34 wolves
  4 centaurs
  A phantom (D:6)
  A kobold brigand (Sewer)
  A gnoll sergeant (D:12)
  3 scorpions
  7 bullfrogs
  12 killer bees (D:9)
  7 wights
  5 howler monkeys
  4 electric eels (D:12)
  6 centaur zombies
  A bullfrog zombie (D:5)
  3 hounds
  A bullfrog skeleton (D:6)
  3 jellies
  A centaur skeleton (D:6)
  6 orc priests
  6 iguanas
  Natasha (thrice) (D:2)
  13 orc wizards
  3 hound skeletons
  9 mummies
  A howler monkey zombie (D:5)
  Robin (D:2)
  9 gnolls
  8 adders
  3 river rats (D:5)
  3 shadow imps
  2 white imps
  3 adder skeletons (D:4)
  4 worms
  A dart slug (D:4)
  39 orcs
  6 ball pythons
  6 endoplasms
  7 giant cockroaches
  A gnoll zombie (Ossuary)
  11 hobgoblins
  10 jackals
  2 quokkas (D:2)
  5 bats
  3 frilled lizards
  16 goblins
  23 kobolds
  4 kobold zombies (Ossuary)
  3 orc zombies (Ossuary)
  4 rats
491 creatures vanquished.

Vanquished Creatures (collateral kills)
  A death yak (IceCv)
  A wight (D:12)
2 creatures vanquished.

Vanquished Creatures (others)
  A dancing weapon (D:8)
  2 jackals (D:5)
  19 fungi
  16 plants
  7 withered plants (D:12)
45 creatures vanquished.

Grand Total: 538 creatures vanquished

Notes
Turn   | Place    | Note
-------+----------+-------------------------------------------
     0 | D:1      | wakim the Kobold Enchanter began the quest for the Orb.
     0 | D:1      | Reached XP level 1. HP: 10/10 MP: 3/3
   233 | D:1      | Reached XP level 2. HP: 15/15 MP: 5/5
  1046 | D:1      | Reached XP level 3. HP: 17/19 MP: 3/6
  1275 | D:1      | Learned a level 2 spell: Ensorcelled Hibernation
  1279 | D:1      | Learned a level 3 spell: Confusing Touch
  1666 | D:2      | Reached skill level 5 in Stealth
  1827 | D:2      | Found a faded altar of an unknown god.
  1829 | D:2      | Reached XP level 4. HP: 24/24 MP: 7/7
  1837 | D:2      | Noticed Sigmund
  2088 | D:2      | Noticed Robin
  2321 | D:2      | Killed Robin
  2394 | D:2      | Noticed Natasha
  2399 | D:2      | Killed Natasha
  2400 | D:2      | Reached XP level 5. HP: 28/28 MP: 8/8
  2627 | D:2      | Found Sezxufyn's Magic Scroll Shop.
  2702 | D:2      | Noticed Natasha
  2719 | D:2      | Killed Natasha
  2758 | D:2      | Noticed Natasha
  2772 | D:2      | Killed Natasha
  3473 | D:3      | Reached XP level 6. HP: 32/32 MP: 9/9
  4529 | D:4      | Reached skill level 3 in Dodging
  4529 | D:4      | Reached skill level 5 in Hexes
  4601 | D:4      | Reached skill level 1 in Shields
  4886 | D:4      | Reached XP level 7. HP: 36/36 MP: 10/10
  4892 | D:4      | Learned a level 2 spell: Slow
  4946 | D:4      | Noticed Eustachio
  5018 | D:3      | Killed Eustachio
  5355 | D:4      | Reached skill level 4 in Dodging
  5635 | D:5      | Entered Level 5 of the Dungeon
  5657 | D:5      | Reached skill level 5 in Short Blades
  5657 | D:5      | Reached XP level 8. HP: 41/41 MP: 7/11
  5812 | D:5      | Reached skill level 5 in Dodging
  5939 | D:5      | Found a glowing drain.
  5980 | Sewer    | Entered a sewer
  6739 | D:5      | Reached skill level 6 in Dodging
  6810 | D:5      | Reached XP level 9. HP: 45/45 MP: 1/12
  7087 | D:5      | Found a shimmering altar of Xom.
  7089 | D:5      | Found a shadowy altar of Dithmenos.
  7090 | D:5      | Found a glowing golden altar of the Shining One.
  7091 | D:5      | Found a basalt altar of Yredelemnul.
  7203 | D:6      | Noticed a troll
  7226 | D:6      | Killed a troll
  8003 | D:6      | Found a staircase to the Ecumenical Temple.
  8010 | Temple   | Entered the Ecumenical Temple
  8016 | Temple   | Became a worshipper of Uskayaw the Reveller
  8168 | D:6      | Reached * piety under Uskayaw
  8303 | D:6      | Reached skill level 7 in Dodging
  8409 | D:6      | Noticed Menkaure
  8413 | D:6      | Killed Menkaure
  8414 | D:6      | Reached skill level 1 in Fighting
  9300 | D:2      | Killed Sigmund
  9381 | D:7      | Reached XP level 10. HP: 54/54 MP: 13/13
  9544 | D:7      | Found a sand-covered staircase.
  9554 | Ossuary  | Entered an ossuary
  9582 | Ossuary  | Reached ** piety under Uskayaw
  9645 | Ossuary  | Reached *** piety under Uskayaw
  9658 | Ossuary  | Reached **** piety under Uskayaw
  9862 | D:7      | Reached skill level 8 in Dodging
 11109 | D:8      | Learned a level 3 spell: Tukima's Dance
 11387 | D:8      | Noticed a two-headed ogre
 11390 | D:8      | Killed a two-headed ogre
 11391 | D:8      | Reached skill level 5 in Fighting
 11425 | D:8      | Reached skill level 10 in Stealth
 11741 | D:8      | Found Oqaprun's Antique Armour Emporium.
 11747 | D:8      | Bought a pair of boots for 112 gold pieces
 11747 | D:8      | Bought a pair of warped gloves for 237 gold pieces
 11747 | D:8      | Identified the +2 pair of gloves of the Barber Surgeon
                  | {Harm Rampage SInv Stlth+} (You bought it in a shop on
                  | level 8 of the Dungeon)
 11954 | D:8      | Reached skill level 10 in Short Blades
 12217 | D:9      | Reached XP level 11. HP: 63/63 MP: 14/14
 12223 | D:9      | Reached skill level 1 in Ice Magic
 12882 | D:10     | Entered Level 10 of the Dungeon
 12952 | D:10     | Found Eparghyn's Antique Weapon Emporium.
 13025 | D:10     | Found a staircase to the Lair.
 13033 | D:10     | Noticed Gastronok
 13376 | D:10     | Found Waps's Distillery.
 13735 | D:10     | Noticed Sonja
 13739 | D:10     | Killed Sonja
 14088 | D:10     | Reached skill level 9 in Dodging
 14128 | D:10     | Found Ridaevua's Jewellery Emporium.
 14482 | D:10     | Found Zaycom's General Store.
 14622 | D:11     | Noticed Nergalle
 14626 | D:11     | Killed Nergalle
 14628 | D:11     | Noticed a manticore
 14636 | D:11     | Killed a manticore
 14777 | D:11     | Noticed Josephine
 14779 | D:11     | Killed Josephine
 14780 | D:11     | Reached XP level 12. HP: 72/72 MP: 15/15
 14784 | D:11     | Reached ***** piety under Uskayaw
 14790 | D:11     | Reached skill level 10 in Dodging
 14829 | D:11     | Noticed a boulder beetle
 14832 | D:11     | Killed a boulder beetle
 14924 | D:11     | Noticed Erica
 14970 | D:11     | Found a frozen archway.
 14972 | D:11     | Killed Erica
 14973 | D:11     | Reached skill level 1 in Armour
 14977 | IceCv    | Entered an ice cave
 15134 | IceCv    | Reached skill level 11 in Dodging
 15153 | IceCv    | Noticed a death yak
 15154 | IceCv    | Noticed a death yak
 15203 | IceCv    | Killed a death yak
 15204 | IceCv    | Reached skill level 1 in Invocations
 15236 | IceCv    | Killed a death yak
 15735 | IceCv    | Reached XP level 13. HP: 78/78 MP: 14/16
 15775 | IceCv    | Learned a level 3 spell: Dazzling Flash
 15907 | IceCv    | Noticed an ironbound frostheart
 15907 | IceCv    | Noticed an ironbound frostheart
 15925 | IceCv    | Reached skill level 12 in Dodging
 15929 | IceCv    | Killed an ironbound frostheart
 15979 | IceCv    | Reached skill level 5 in Invocations
 16477 | IceCv    | Killed an ironbound frostheart
 19579 | D:12     | Found a bloodstained altar of Trog.
 19580 | D:12     | Noticed a boulder beetle
 19605 | D:12     | Killed a boulder beetle
 19772 | D:12     | Noticed a four-headed hydra
 19784 | D:12     | Killed a four-headed hydra
 19830 | D:12     | You fall into a shaft and drop 2 floors!
 19855 | D:14     | Reached skill level 10 in Hexes
 19933 | D:14     | Noticed a centaur warrior
 19939 | D:14     | Killed a centaur warrior
 19992 | D:12     | Found a staircase to the Orcish Mines.
 20008 | D:13     | Found a flagged portal.
 20014 | Bailey   | Entered a bailey
 20043 | Bailey   | Noticed an orc warlord
 20219 | Bailey   | Found a runed translucent gate.
 20220 | Bailey   | Found a runed translucent gate.
 20221 | Bailey   | Found a runed translucent gate.
 20411 | Bailey   | Killed an orc warlord
 20412 | Bailey   | Reached XP level 14. HP: 84/84 MP: 11/20
 20467 | Bailey   | Identified a scroll of acquirement
 20467 | Bailey   | Acquired a manual of Dodging
 21711 | Lair:1   | Entered Level 1 of the Lair of Beasts
 22019 | Lair:1   | Found a transporter.
 22038 | Lair:1   | Found a transporter.
 23529 | D:10     | Bought the ring "Daabe" {rC+ Will+ Int+2 Dex+6 Stlth+} for
                  | 1191 gold pieces
 23589 | Lair:2   | Reached skill level 5 in Shields
 23775 | Lair:2   | Found a runed translucent gate.
 23776 | Lair:2   | Found a runed translucent gate.
 23777 | Lair:2   | Found a runed translucent gate.
 23941 | Lair:2   | Noticed Maggie
 23948 | Lair:2   | Killed Maggie
 24428 | Lair:2   | Reached skill level 13 in Dodging
 25371 | Lair:2   | Mangled by a cane toad

Illustrated notes

Levels and vault maps discovered:
D:1:      dpeg_arrival_refuge, layout_basic
D:2:      layout_basic, serial_shops, shop, chequers_ecumenical_altar_grove,
          st_stairs_12, minmay_door_square, uniq_sigmund, uniq_natasha,
          uniq_robin
D:3:      layout_basic
D:4:      layout_rooms, uniq_eustachio
D:5:      layout_rooms, minitemple, portal_sewer_entry_a, minmay_hedge_maze,
          lemuel_old_faithful
D:6:      layout_basic, minmay_temple_entry_statues_fountains, serial_aquarium,
          aquarium_bridge_long_joined [aquarium_subvault_window,
          aquarium_subvault_wall, aquarium_subvault_bridge,
          aquarium_subvault_window, aquarium_subvault_wall,
          aquarium_subvault_window], aquarium_window_1, aquarium_window_1,
          aquarium_view_2d, aquarium_balcony_1b, aquarium_pool_S,
          minmay_diced_spiral, uniq_menkaure
D:7:      layout_cave_pods, nicolae_ossuary_entry_ruins
D:8:      layout_basic, serial_shops, kennysheep_little_box,
          minmay_quadrilaterals
D:9:      layout_loops_ring, skrybe_limestone_x
D:10:     layout_irregular_city, erik_lair_orcish_takeover, serial_shops, shop,
          shop, nicolae_take_the_stairs, shop, uniq_sonja, uniq_gastronok
D:11:     layout_loops_ring, portal_ice_cave_demonic_guard, uniq_josephine,
          uniq_nergalle, uniq_erica
D:12:     layout_basic, orc_0_dummy, serial_undead, serial_undead_a,
          serial_undead_e, serial_undead_d, serial_undead_e, serial_undead_a,
          serial_undead_a, serial_undead_c, serial_undead_f, serial_undead_c,
          serial_undead_e, chequers_serial_rivers_room_b, bloody_trog
D:13:     layout_big_octagon, enter_bailey_2
D:14:     layout_stronghold, hangedman_vaults_entry_quadrant_bands,
          zin_scriptorium, uniq_frances
Temple:   eino_narrow_crystal_temple
Lair:1:   gammafunk_worm_tunnel, layout_layer_cave, wad_woods_03
Lair:2:   layout_roguey, gammafunk_ghost_necromancy,
          cheibrodos_lair_reptile_den, grunt_megastairs_3, uniq_maggie
Lair:3:   layout_hall_layers, special_room [special_room_bee],
          hellmonk_ghost_happy_afterlife

Skill      XL: |  1  2  3  4  5  6  7  8  9 10 11 12 13 14 |
---------------+-------------------------------------------+-----
Short Blades   | 2 3 4 5 7 8 10 11 12 | 12.8
Stealth        | 5 6 8 10 12 | 12.8
Hexes          | 4 5 6 8 10 11 | 11.5
Dodging        | 3 4 6 7 8 9 11 12 13 | 13.2
Shields        | 1 3 4 5 |  5.6
Fighting       | 2 5 7 8 |  8.5
Ice Magic      | 3 |  3.0
Armour         | 3 4 |  4.0
Invocations    | 3 8 9 |  9.7
Spellcasting   | 3 |  3.0

Action                   |  1- 3 |  4- 6 |  7- 9 | 10-12 | 13-15 || total
-------------------------+-------+-------+-------+-------+-------++-------
Melee: Dagger            |    84 |    66 |    41 |   370 |   104 ||   665
       Short sword       |       |    32 |   233 |    10 |   602 ||   877
 Cast: Corona            |     5 |     7 |     2 |       |       ||    14
       Ensorcelled Hiber |     2 |    31 |    70 |    57 |   109 ||   269
       Confusing Touch   |       |     1 |    10 |    17 |    30 ||    58
       Slow              |       |       |     5 |       |     6 ||    11
       Tukima's Dance    |       |       |       |     3 |     4 ||     7
       Dazzling Flash    |       |       |       |       |    11 ||    11
Invok: Stomp             |       |       |       |     1 |     3 ||     4
       Line Pass         |       |       |       |     1 |       ||     1
Evoke: Wand              |       |       |     3 |     3 |     3 ||     9
  Use: Scroll            |       |     7 |     4 |    11 |    10 ||    32
       Potion            |       |     1 |     3 |     2 |     1 ||     7
 Stab: Sleeping          |    15 |    30 |    46 |   102 |   104 ||   297
       Distracted        |       |     2 |     1 |       |    10 ||    13
       Confused          |       |     1 |     9 |    14 |    27 ||    51
       Paralysed         |       |       |       |     6 |    18 ||    24
       Invisible         |       |       |       |       |     4 ||     4
Armor: Robe              |    15 |    15 |    37 |     9 |    13 ||    89
       Skin              |       |       |    19 |       |       ||    19
       Steam dragon scal |       |       |       |    34 |    59 ||    93
Dodge: Dodged            |    51 |    64 |   138 |   136 |   350 ||   739
Block: Buckler           |       |     7 |    75 |    54 |   112 ||   248

Table legend: (Time is in decaauts)
 A = Elapsed time spent in this place.
 B = Non-inter-level travel time spent in this place.
 C = Inter-level travel time spent in this place.
 D = Time resting spent in this place.
 E = Time spent auto-exploring this place.
 F = Levels seen in this place.
 G = Mean time per level.
                   A        B        C        D        E       F      G
               +--------+--------+--------+--------+--------+-----+--------+
         Total |  24751 |  23164 |   1587 |   2257 |  15605 |  22 | 1125.0 |
       Dungeon |  16703 |  15320 |   1383 |   1184 |  10671 |  14 | 1193.1 |
        Temple |     12 |     12 |      0 |      0 |      1 |   1 |   12.0 |
          Lair |   3499 |   3296 |    203 |    269 |   2460 |   3 | 1166.3 |
         Sewer |    618 |    618 |      0 |      0 |    494 |   1 |  618.0 |
       Ossuary |    210 |    210 |      0 |      0 |     83 |   1 |  210.0 |
        Bailey |    413 |    413 |      0 |      0 |    249 |   1 |  413.0 |
      Ice Cave |   3294 |   3294 |      0 |    804 |   1647 |   1 | 3294.0 |
               +--------+--------+--------+--------+--------+-----+--------+

Top non-repeatable levels by time:
   IceCv: 3294 daAuts
     D:6: 2367 daAuts
     D:1: 2080 daAuts
  Lair:1: 1767 daAuts
    D:10: 1753 daAuts
  Lair:2: 1673 daAuts
     D:3: 1390 daAuts
    D:12: 1347 daAuts
     D:2: 1327 daAuts
    D:11: 1236 daAuts
     D:8: 1142 daAuts
     D:7: 1033 daAuts
     D:9: 996 daAuts
     D:4: 961 daAuts
     D:5: 863 daAuts
